 Dungeon Crawl Stone Soup version 0.31-a0-358-gac0dbeb3ab (webtiles) character file.

Game seed: 1219025844716427778

353 pokeman the Magician (level 6, -2/34 HPs)
             Began as a Deep Elf Hedge Wizard on July 25, 2023.
             Slain by an ice beast (7 damage)
             ... on level 5 of the Dungeon.
             The game lasted 00:07:15 (4337 turns).

pokeman the Magician (Deep Elf Hedge Wizard)        Turns: 4337, Time: 00:07:16

Health: -2/34      AC:  3    Str:  7    XL:     6   Next: 35%
Magic:  3/26       EV: 13    Int: 21    God:
Gold:   319        SH:  0    Dex: 14    Spells: 7/18 levels left

rFire   + . .        a - +0 dagger
rCold   . . .        (no shield)
rNeg    . . .        b - +0 robe
rPois   .            c - +0 hat
rElec   .            (no cloak)
rCorr   .            (no gloves)
SInv    .            o - +0 pair of boots
Will    .....        (no amulet)
Stlth   ++           f - ring of protection from fire
HPRegen 0.25/turn    j - ring of magical power
MPRegen 0.20/turn

%: no passive effects
@: on blink cooldown
A: no striking features
a: no special abilities


You were on level 5 of the Dungeon.
You visited 1 branch of the dungeon, and saw 5 of its levels.

You collected 319 gold pieces.

Inventory:

Hand Weapons
 a - a +0 dagger (weapon)
Armour
 b - a +0 robe (worn)
 c - a +0 hat (worn)
 m - a +3 ring mail
 o - a +0 pair of boots (worn)
 z - a +0 buckler
Jewellery
 f - a ring of protection from fire (left hand)
 j - a ring of magical power (right hand)
Wands
 s - a wand of flame (24)
 u - a wand of iceblast (10)
 x - a wand of digging (6)
Scrolls
 e - a scroll of fog {unknown}
 i - 5 scrolls of identify {unknown}
 k - a scroll of amnesia {unknown}
 n - a scroll of torment {unknown}
 p - 2 scrolls of vulnerability {unknown}
 q - a scroll of poison {unknown}
 y - a scroll of revelation {unknown}
 A - a scroll of summoning {unknown}
 B - a scroll of enchant armour {unknown}
Potions
 d - 2 potions of magic
 g - 7 potions of curing {unknown}
 h - 2 potions of attraction {unknown}
 l - 4 potions of resistance {unknown}
 r - a potion of berserk rage {unknown}
 t - a potion of brilliance {unknown}
 v - a potion of mutation {unknown}
 w - a potion of degeneration {unknown}


   Skills:
 + Level 1.3 Fighting
 - Level 1.0 Armour
 - Level 3.0 Dodging
 - Level 3.0 Stealth
 * Level 6.9 Spellcasting
 + Level 3.0 Conjurations
 - Level 1.1 Summonings
 - Level 1.1 Translocations
 - Level 1.1 Air Magic
 + Level 1.3 Earth Magic
 - Level 1.0 Poison Magic
 - Level 1.0 Evocations


You had 7 spell levels left.
You knew the following spells:

 Your Spells              Type           Power      Damage    Failure   Level
a - Magic Dart            Conj           80%        1d7       2%          1
b - Mephitic Cloud        Conj/Pois/Air  14%        N/A       13%         3
c - Call Imp              Summ           22%        N/A       9%          2
d - Blink                 Tloc           22%        N/A       9%          2
e - Stone Arrow           Conj/Erth      32%        3d9       11%         3

Your spell library contained the following spells:

 Spells                   Type           Power      Damage    Failure   Level
 Sandblast                Erth           24%        2d8       5%          1
 Slow                     Hex            28%        N/A       9%          1
 Cigotuvi's Dreadful Rot  Necr/Pois/Air  20%        N/A       10%         2
 Passwall                 Tmut/Erth      8%         N/A       11%         2
 Ignite Poison            Fire/Tmut/Pois 8%         N/A       24%         3
 Tukima's Dance           Hex            7%         N/A       26%         3
 Sticky Flame             Conj/Fire      13%        2d4       43%         4
 Passage of Golubria      Tloc           11%        N/A       50%         4
 Yara's Violent Unravell  Hex/Tmut       3%         3d4       94%         5
 Ignition                 Fire           3%         3d4       100%        8


Dungeon Overview and Level Annotations

Branches:
Dungeon (5/15)
 Temple: D:4-7

Altars:
Elyvilon
Hepliaklqana
Kikubaaqudgha
Wu Jian
The Shining One

Annotations:
D:5 Grinder


Message History

Aiming: Magic Dart (safe; 2% risk of failure)
Press: ? - help, Shift-Dir - straight line, f/p - ice beast
Aim: an ice beast (heavily wounded, ally target, 100% to hit)
The magic dart hits the ice beast but does no damage.
The ice beast is heavily wounded.
Your cerulean imp hits the ice beast but does no damage.
The ice beast hits you. The ice beast freezes you!
* * * LOW HITPOINT WARNING * * *
Casting: Magic Dart (safe; 2% risk of failure)
Confirm with . or Enter, or press ? or * to list all spells.
Aiming: Magic Dart (safe; 2% risk of failure)
Press: ? - help, Shift-Dir - straight line, f/p - ice beast
Aim: an ice beast (heavily wounded, ally target, 100% to hit)
The magic dart hits the ice beast.
The ice beast is heavily wounded.
Your cerulean imp barely misses the ice beast.
The ice beast barely misses you.
Casting: Magic Dart (safe; 2% risk of failure)
Confirm with . or Enter, or press ? or * to list all spells.
You blink.
Grinder comes into view.
Your cerulean imp closely misses the ice beast.
Unknown command.
Aiming: Throw Flame
Press: ? - help, Shift-Dir - straight line, f/p - ice beast
Aim: an ice beast (heavily wounded, ally target, 68% to hit)
The puff of flame hits the ice beast.
The ice beast is heavily wounded.
Your cerulean imp closely misses the ice beast.
The ice beast closely misses you.
Grinder blinks!
Aiming: Throw Flame
Press: ? - help, Shift-Dir - straight line, f/p - ice beast
Aim: an ice beast (heavily wounded, ally target, 68% to hit)
The puff of flame hits the ice beast but does no damage.
The ice beast is heavily wounded.
Your cerulean imp barely misses the ice beast.
The ice beast hits you.
* * * LOW HITPOINT WARNING * * *
The ice beast freezes you!
You die...

#.#.# #.#
#.....
#.#.###.#
#.....
#.#.....#
#.....
#.#######
#.....
#.#
#.....
###§###
#.....
#.....#
#.....
#.Y.5.#
#.....
#@....#
#.....
#.....#
#.....
......#
#.....
##.....#
######
#§....#
#.....#
#.....#
#......


You could see an ice beast (ally target) and a friendly cerulean imp (summoned).

Vanquished Creatures
  A scorpion (D:5)
  2 orc priests
  2 hounds (D:4)
  A gnoll (D:4)
  5 adders
  A shadow imp (D:4)
  A worm (D:3)
  7 orcs
  6 ball pythons
  5 bats
  11 endoplasms
  3 giant cockroaches
  6 goblins
  3 hobgoblins
  4 jackals (D:1)
  12 kobolds
  5 quokkas
  2 frilled lizards (D:1)
  3 rats
80 creatures vanquished.

Vanquished Creatures (collateral kills)
  An orc wizard (D:4)
  An orc (D:4)
2 creatures vanquished.

Grand Total: 82 creatures vanquished

Notes
Turn   | Place    | Note
-------+----------+-------------------------------------------
     0 | D:1      | pokeman the Deep Elf Hedge Wizard began the quest for the
                  | Orb.
     0 | D:1      | Reached XP level 1. HP: 10/10 MP: 7/7
   185 | D:1      | Reached XP level 2. HP: 12/16 MP: 1/9
   413 | D:1      | Found a faded altar of an unknown god.
   819 | D:1      | Reached skill level 5 in Spellcasting
  1016 | D:1      | Reached XP level 3. HP: 20/20 MP: 11/11
  1020 | D:1      | Learned a level 3 spell: Mephitic Cloud
  1023 | D:1      | Learned a level 2 spell: Call Imp
  1026 | D:1      | Learned a level 2 spell: Blink
  1359 | D:2      | Reached skill level 1 in Fighting
  1476 | D:2      | You fall into a shaft and drop 2 floors!
  1576 | D:3      | Reached skill level 1 in Armour
  1935 | D:3      | Found a white marble altar of Elyvilon.
  1975 | D:3      | Found an ornate altar of the Wu Jian Council.
  2145 | D:2      | Found an ancient bone altar of Kikubaaqudgha.
  2171 | D:2      | Reached XP level 4. HP: 23/25 MP: 13/13
  2545 | D:2      | Learned a level 3 spell: Stone Arrow
  2787 | D:3      | Found a glowing golden altar of the Shining One.
  2948 | D:3      | Found a hazy altar of Hepliaklqana.
  3076 | D:4      | Reached skill level 6 in Spellcasting
  3291 | D:4      | Reached XP level 5. HP: 18/29 MP: 14/15
  3593 | D:4      | Reached skill level 1 in Earth Magic
  3600 | D:4      | Reached skill level 1 in Poison Magic
  3870 | D:4      | Reached skill level 1 in Evocations
  4014 | D:5      | Entered Level 5 of the Dungeon
  4091 | D:5      | Reached skill level 1 in Air Magic
  4091 | D:5      | Reached XP level 6. HP: 6/34 MP: 2/17
  4322 | D:5      | Noticed an ice beast
  4335 | D:5      | Noticed Grinder
  4337 | D:5      | Slain by an ice beast

Illustrated notes

Levels and vault maps discovered:
D:1:      co_arrival_square_in_a_square_in_a_square, layout_basic,
          basic_ecumenical_altar
D:2:      layout_basic, basic_altar, minmay_crystal_water, minmay_quantized
D:3:      layout_loops_ring, lemuel_tele_altar,
          nicolae_wu_jian_immortal_techniques, elyvilon_altar_4,
          lemuel_doored_altar
D:4:      layout_basic, st_stairs_6, minmay_distorted
D:5:      layout_basic, mainiacjoe_overflow_alcove_1,
          mainiacjoe_overflow_alcove_2, serial_glass, glass_columns_b,
          glass_columns_a, uniq_blork_the_orc, uniq_grinder

Skill      XL: |  1  2  3  4  5  6 |
---------------+-------------------+-----
Spellcasting   | 5 6 |  6.9
Fighting       | 1 |  1.3
Armour         | 1 |  1.0
Conjurations   | 2 3 |  3.0
Dodging        | 3 |  3.0
Stealth        | 3 |  3.0
Earth Magic    | 1 |  1.3
Poison Magic   | 1 |  1.0
Evocations     | 1 |  1.0
Air Magic      | 1 |  1.1
Summonings     | |  1.1
Translocations | |  1.1

Action                     |  1- 3 |  4- 6 || total
---------------------------+-------+-------++-------
  Melee: Dagger            |    10 |    10 ||    20
   Cast: Magic Dart        |   131 |   123 ||   254
         Mephitic Cloud    |       |     7 ||     7
         Blink             |       |     2 ||     2
         Call Imp          |       |     2 ||     2
  Evoke: Wand              |       |     3 ||     3
   Stab: Confused          |       |     1 ||     1
 Armour: Robe              |     5 |    15 ||    20
  Dodge: Dodged            |    16 |    31 ||    47

Table legend: (Time is in decaauts)
 A = Elapsed time spent in this place.
 B = Non-inter-level travel time spent in this place.
 C = Inter-level travel time spent in this place.
 D = Time resting spent in this place.
 E = Time spent auto-exploring this place.
 F = Levels seen in this place.
 G = Mean time per level.
                   A        B        C        D        E       F      G
               +--------+--------+--------+--------+--------+-----+--------+
         Total |   4335 |   4226 |    109 |      4 |   3704 |   5 |  867.0 |
       Dungeon |   4335 |   4226 |    109 |      4 |   3704 |   5 |  867.0 |
               +--------+--------+--------+--------+--------+-----+--------+

Top non-repeatable levels by time:
     D:1: 1297 daAuts
     D:4: 1071 daAuts
     D:3: 889 daAuts
     D:2: 754 daAuts
     D:5: 322 daAuts
